 Dungeon Crawl Stone Soup version 0.31-a0-851-g7ff8af7976 (webtiles) character file.

Game seed: 513039582562710212

315 randomguy2701 the Conjurer (level 6, -7/32 HPs)
             Began as a Deep Elf Conjurer on Oct 7, 2023.
             Was a Believer of Cheibriados.
             Mangled by an ogre
             ... wielding a +0 giant club
              (19 damage)
             ... on level 3 of the Dungeon.
             The game lasted 00:03:35 (2983 turns).

randomguy2701 the Conjurer (Deep Elf Conjurer)      Turns: 2983, Time: 00:03:36

Health: -7/32      AC:  0    Str:  9    XL:     6   Next: 20%
Magic:  4/16       EV: 13    Int: 30    God:    Cheibriados [**....]
Gold:   65         SH:  0    Dex: 18    Spells: 15/16 levels left

rFire   . . .        (no weapon)
rCold   . . .        (no shield)
rNeg    . . .        (no body armour)
rPois   .            (no helmet)
rElec   .            i - scarf {+Inv}
rCorr   .            (no gloves)
SInv    .            (no boots)
Will    .....        (no amulet)
Stlth   +++          (no ring)
HPRegen 0.25/turn    (no ring)
MPRegen 0.15/turn

%: no passive effects
@: very slow
A: no striking features
a: Renounce Religion, Evoke Invisibility, Bend Time


You were on level 3 of the Dungeon.
You worshipped Cheibriados.
Cheibriados was pleased with you.
You visited 1 branch of the dungeon, and saw 4 of its levels.

You collected 65 gold pieces.

Inventory:

Armour
 a - a +0 robe
 i - a scarf of invisibility (worn)
Scrolls
 c - 2 scrolls of teleportation {unknown}
 e - a scroll of poison {unknown}
 f - a scroll of vulnerability {unknown}
 g - a scroll of enchant armour {unknown}
 j - 4 scrolls of identify {unknown}
 k - 2 scrolls of fog {unknown}
Potions
 b - a potion of magic
 d - a potion of cancellation
 h - a potion of heal wounds {unknown}


   Skills:
 + Level 2.8 Dodging
 + Level 3.3 Stealth
 + Level 5.6 Spellcasting
 + Level 6.7 Conjurations


You had 15 spell levels left.
You knew the following spells:

 Your Spells              Type           Power      Damage    Failure   Level
a - Magic Dart            Conj           100%       1d8       1%          1

Your spell library contained the following spells:

 Spells                   Type           Power      Damage    Failure   Level
 Searing Ray              Conj           98%        2d8       1%          2
 Dazzling Flash           Conj/Hex       56%        N/A       4%          3
 Summon Small Mammal      Summ           32%        N/A       5%          1
 Fulminant Prism          Conj/Hex       14%        3d9       14%         4
 Iskenderun's Mystic Bla  Conj/Tloc      28%        2d7       14%         4
 Call Canine Familiar     Summ           8%         N/A       16%         3
 Ozocubu's Armour         Ice            8%         N/A       16%         3
 Summon Guardian Golem    Hex/Summ       8%         N/A       16%         3
 Ozocubu's Refrigeration  Ice            4%         4d8       100%        7


Dungeon Overview and Level Annotations

Branches:
Dungeon (4/15)
 Temple: D:4-7

Altars:
Cheibriados
Vehumet


Message History

You are too injured to fight recklessly!
Casting: Magic Dart (safe; 1% risk of failure)
Confirm with . or Enter, or press ? or * to list all spells.
Aiming: Magic Dart (safe; 1% risk of failure)
Press: ? - help, Shift-Dir - straight line, f - ogre
Aim: an ogre, wielding a +0 giant club (lightly wounded, slow, 100% to hit)
The magic dart hits the ogre.
The ogre is lightly wounded.
Casting: Magic Dart (safe; 1% risk of failure)
Confirm with . or Enter, or press ? or * to list all spells.
Aiming: Magic Dart (safe; 1% risk of failure)
Press: ? - help, Shift-Dir - straight line, f/p - ogre
Aim: an ogre, wielding a +0 giant club (lightly wounded, slow, 100% to hit)
The magic dart hits the ogre!
The ogre is moderately wounded.
Casting: Magic Dart (safe; 1% risk of failure)
Confirm with . or Enter, or press ? or * to list all spells.
Aiming: Magic Dart (safe; 1% risk of failure)
Press: ? - help, Shift-Dir - straight line, f/p - ogre
Aim: an ogre, wielding a +0 giant club (moderately wounded, slow, 100% to hit)
The magic dart hits the ogre!
The ogre is severely wounded.
The ogre closely misses you.
Casting: Magic Dart (safe; 1% risk of failure)
Confirm with . or Enter, or press ? or * to list all spells.
Aiming: Magic Dart (safe; 1% risk of failure)
Press: ? - help, Shift-Dir - straight line, f/p - ogre
Aim: an ogre, wielding a +0 giant club (severely wounded, slow, 100% to hit)
The magic dart hits the ogre.
The ogre is severely wounded.
Casting: Magic Dart (safe; 1% risk of failure)
Confirm with . or Enter, or press ? or * to list all spells.
Aiming: Magic Dart (safe; 1% risk of failure)
Press: ? - help, Shift-Dir - straight line, f/p - ogre
Aim: an ogre, wielding a +0 giant club (severely wounded, slow, 100% to hit)
The magic dart hits the ogre.
The ogre is almost dead.
The ogre hits you with a +0 giant club!!
Ouch! That really hurt!
You die...

##.##############.#
#.†.#
......)...........#
#.###
##^###..........###
#.# ##.#
#.########.# #.#
##.# #.# #.# #.#
##.# #.# #.# #.#
##.# #.# #.# #.#
##.# #.#
#O#########.# ##.#
#.# #.@.........#
##.# #.#
#############
##(###.# .......#
...##### ####


You could see an ogre (slow).

Vanquished Creatures
  Grinder (D:4)
  5 adders
  2 worms
  A dart slug (D:1)
  4 orcs (D:3)
  5 endoplasms
  3 giant cockroaches
  6 goblins
  4 hobgoblins
  5 jackals (D:3)
  4 kobolds
  2 quokkas
  6 ball pythons
  6 bats
  4 frilled lizards
  3 rats (D:1)
61 creatures vanquished.

Notes
Turn   | Place    | Note
-------+----------+-------------------------------------------
     0 | D:1      | randomguy2701 the Deep Elf Conjurer began the quest for the
                  | Orb.
     0 | D:1      | Reached XP level 1. HP: 10/10 MP: 6/6
   268 | D:1      | Reached XP level 2. HP: 15/15 MP: 5/8
   483 | D:1      | Reached skill level 5 in Conjurations
   763 | D:1      | Found a faded altar of an unknown god.
   773 | D:1      | Prayed at the altar of an unknown god.
   773 | D:1      | Became a worshipper of Cheibriados the Contemplative
   773 | D:1      | Reached * piety under Cheibriados
   850 | D:2      | Reached XP level 3. HP: 19/19 MP: 7/9
  1538 | D:2      | Reached XP level 4. HP: 24/24 MP: 7/11
  2014 | D:3      | Reached ** piety under Cheibriados
  2093 | D:3      | Reached skill level 6 in Conjurations
  2847 | D:4      | Found a radiant altar of Vehumet.
  2893 | D:4      | Noticed Grinder
  2906 | D:4      | Killed Grinder
  2907 | D:4      | Reached skill level 5 in Spellcasting
  2907 | D:4      | Reached XP level 5. HP: 28/28 MP: 0/15
  2907 | D:4      | Reached XP level 6. HP: 32/32 MP: 0/16
  2983 | D:3      | Mangled by an ogre

Illustrated notes

Levels and vault maps discovered:
D:1:      saegor_arrival_miasma, layout_loops_ring,
          shapermc_ecumenical_altar_acropolis
D:2:      layout_loops_ring, minmay_ruptured
D:3:      layout_loops_ring, hangedman_decor_diamond_cutter
D:4:      layout_rooms, mainiacjoe_overflow_boulevard, portal_sewer_entry_e,
          minivault_14, kennysheep_generic_room_9, uniq_pikel, uniq_edmund,
          uniq_grinder

Skill      XL: |  1  2  3  4 |
---------------+-------------+-----
Conjurations   | 5 6 |  6.7
Spellcasting   | 5 |  5.6
Stealth        | 3 |  3.3
Dodging        | |  2.8

Action                     |  1- 3 |  4- 6 || total
---------------------------+-------+-------++-------
   Cast: Magic Dart        |    68 |    78 ||   146
 Invoke: Bend Time         |       |     1 ||     1
    Use: Potion            |     4 |       ||     4
 Armour: Skin              |     3 |     7 ||    10
  Dodge: Dodged            |     1 |     6 ||     7

Table legend: (Time is in decaauts)
 A = Elapsed time spent in this place.
 B = Non-inter-level travel time spent in this place.
 C = Inter-level travel time spent in this place.
 D = Time resting spent in this place.
 E = Time spent auto-exploring this place.
 F = Levels seen in this place.
 G = Mean time per level.
                   A        B        C        D        E       F      G
               +--------+--------+--------+--------+--------+-----+--------+
         Total |   3570 |   3428 |    142 |      0 |   3082 |   4 |  892.5 |
       Dungeon |   3570 |   3428 |    142 |      0 |   3082 |   4 |  892.5 |
               +--------+--------+--------+--------+--------+-----+--------+

Top non-repeatable levels by time:
     D:3: 1351 daAuts
     D:2: 1211 daAuts
     D:1: 857 daAuts
     D:4: 149 daAuts
